 Dungeon Crawl Stone Soup version 0.32-a0-931-g5a2cda0630 (webtiles) character file.

Game seed: 17029374155742473031

125332 bananaken the Brawler (level 16, -8/247 HPs)
             Began as a Troll Monk on Apr 14, 2024.
             Was the Champion of Wu Jian.
             Mangled by a fire elemental (15 damage)
             ... summoned by a deep elf pyromancer
             ... on level 2 of the Elven Halls.
             The game lasted 00:58:21 (24569 turns).

bananaken the Brawler (Troll Monk)                 Turns: 24569, Time: 00:58:22

Health: -8/247     AC: 28    Str: 29    XL:     16   Next: 41%
Magic:  15/15      EV:  1    Int:  9    God:    Wu Jian [******]
Gold:   862        SH: 20    Dex: 15    Spells: 15/15 levels left

rFire   x .          .
                       - Unarmed
rCold   + . .        s - +0 tower shield of Liberty {Rampage Dex+3}
rNeg    + . .        a - melded +0 fire dragon scales
rPois   +            (helmet currently unavailable)
rElec   .            i - melded +2 cloak {rPois}
rCorr   +            (gloves unavailable)
SInv    .            (boots unavailable)
Will    +....        u - amulet of reflection
Stlth   +            D - ring of No Interval {rN+ rCorr Int+3 Slay+4 Clar}
HPRegen 1.41/turn    A - ring of ice
MPRegen 0.14/turn

%: reflection, clarity, rampage
@: exhausted, on fire, tree-form, glowing
A: stationary, stasis, torment immunity, boosted hp, large, unfitting armour,
(claws 3), regeneration 1, (shaggy fur 1), (tough skin 1), (cold resistance 1),
(electricity resistance), persistent drain
a: Renounce Religion, Wall Jump, Serpent's Lash, Heavenly Storm


You were on level 2 of the Elven Halls.
You worshipped Wu Jian.
Wu Jian was exalted by your worship.
You were a tree.
You visited 6 branches of the dungeon, and saw 27 of its levels.
You also visited: Ossuary and Volcano.

You collected 3446 gold pieces.
You spent 2584 gold pieces at shops.

Inventory:

Missiles
 f - 17 large rocks
Armour
 a - +0 fire dragon scales (melded)
 b - +2 pearl dragon scales
 c - an orb of light
 i - a +2 cloak of poison resistance (melded)
 s - the +0 tower shield of Liberty (worn) {Rampage Dex+3}
   (You bought it in a shop on level 2 of the Orcish Mines)

   Dex+3:     It affects your dexterity (+3).
   Rampage:   It bestows one free step when moving towards enemies.
Magical Staves
 h - a staff of fire
Jewellery
 u - an amulet of reflection (around neck)
 z - a ring of poison resistance
 A - a ring of ice (right branch)
 D - the ring of No Interval (left branch) {rN+ rCorr Int+3 Slay+4 Clar}
   (You bought it in a shop on level 10 of the Dungeon)

   [ring of slaying]

   Int+3:     It affects your intelligence (+3).
   Slay+4:    It affects your accuracy & damage with ranged weapons and melee
   (+4).
   rN+:       It protects you from negative energy.
   Clar:      It protects you from confusion, rage, mesmerisation and fear.
   rCorr:     It protects you from acid and corrosion.
 E - a +5 ring of evasion
 I - a ring of willpower
Wands
 e - a wand of paralysis (6)
 o - a wand of polymorph (20)
 t - a wand of mindburst (2)
 x - a wand of flame (17) (quivered)
 J - a wand of light (3)
 M - a wand of roots (26)
Scrolls
 d - 4 scrolls of teleportation
 j - 4 scrolls of revelation
 k - 5 scrolls of noise
 p - 3 scrolls of immolation
 B - a scroll of poison
 C - 2 scrolls of fog
 G - a scroll of blinking
 H - 4 scrolls of amnesia
 K - 3 scrolls of fear
 O - a scroll of silence {unknown}
 P - 4 scrolls of identify
 R - a scroll of brand weapon
Potions
 g - 3 potions of mutation
 l - a potion of cancellation
 m - 4 potions of heal wounds
 n - 6 potions of might
 q - 7 potions of curing
 r - 4 potions of attraction
 v - 4 potions of magic
 N - a potion of haste {unknown}
 Q - a potion of berserk rage
Miscellaneous
 y - a condenser vane (inert)
 F - a sack of spiders


   Skills:
 + Level 11.9 Fighting
 + Level 4.7 Throwing
 - Level 8.1 Armour
 - Level 5.0 Dodging
 + Level 7.9 Shields
 * Level 19.0 Unarmed Combat
 - Level 10.0 Evocations


You had 15 spell levels left.
You didn't know any spells.
Your spell library contained the following spells:

 Spells                   Type           Power      Damage    Failure   Level
 Kiss of Death            Conj/Necr      0%         2d5       80%         1
 Magic Dart               Conj           0%         1d3       80%         1
 Necrotise                Necr           0%         1d4       80%         1
 Shock                    Conj/Air       0%         1d3       80%         1
 Call Imp                 Summ           0%         N/A       90%         2
 Jinxbite                 Hex            0%         N/A       90%         2
 Searing Ray              Conj           0%         2d4       90%         2
 Static Discharge         Conj/Air       0%         3-3/arc   90%         2
 Sublimation of Blood     Necr           0%         N/A       90%         2
 Confusing Touch          Hex            0%         N/A       99%         3
 Dazzling Flash           Conj/Hex       0%         N/A       99%         3
 Mephitic Cloud           Conj/Alch/Air  0%         N/A       99%         3
 Sigil of Binding         Hex            0%         N/A       99%         3
 Swiftness                Air            0%         N/A       99%         3
 Vampiric Draining        Necr           0%         2d6       99%         3
 Airstrike                Air            0%         2d(0-16)  100%        4
 Animate Dead             Necr           0%         N/A       100%        4
 Dispel Undead            Necr           0%         3d6       100%        4
 Fulminant Prism          Conj/Alch      0%         3d5       100%        4
 Leda's Liquefaction      Alch/Erth      0%         N/A       100%        4
 Martyr's Knell           Necr/Summ      0%         N/A       100%        4
 Petrify                  Alch/Erth      0%         N/A       100%        4
 Summon Lightning Spire   Summ/Air       0%         N/A       100%        4
 Vhi's Electric Charge    Tloc/Air       0%         N/A       100%        4
 Arcjolt                  Conj/Air       0%         1d10      100%        5
 Curse of Agony           Necr           0%         N/A       100%        5
 Metabolic Englaciation   Hex/Ice        0%         N/A       100%        5
 Silence                  Hex/Air        0%         N/A       100%        5
 Yara's Violent Unravell  Hex/Alch       0%         3d3       100%        5
 Death Channel            Necr           0%         N/A       100%        6
 Plasma Beam              Fire/Air       0%         2x1d10    100%        6
 Sculpt Simulacrum        Ice/Alch       0%         N/A       100%        6
 Enfeeble                 Hex            0%         N/A       100%        7
 Haunt                    Necr/Summ      0%         N/A       100%        7
 Monstrous Menagerie      Summ           0%         N/A       100%        7
 Summon Hydra             Summ           0%         N/A       100%        7
 Infestation              Necr           0%         N/A       100%        8
 Summon Horrible Things   Summ           0%         N/A       100%        8


Dungeon Overview and Level Annotations

Branches:
Dungeon (15/15)            Temple (1/1) D:7            Lair (5/5) D:8
 Shoals (0/4) Lair:2       Spider (2/4) Lair:2        Slime (0/5) Lair:4
    Orc (2/2) D:9             Elf (2/3) Orc:2        Vaults (0/5) D:14
 Depths (0/4) D:15        Ossuary (visited)         Volcano (visited)

Altars:
Ashenzari
Cheibriados
Dithmenos
Elyvilon
Fedhas
Gozag
Hepliaklqana
Kikubaaqudgha
Makhleb
Nemelex Xobeh
Okawaru
Qazlal
Ru
Sif Muna
Trog
Uskayaw
Vehumet
Wu Jian
Xom
Yredelemnul
Zin
The Shining One
Jiyva

Shops:
D:4 *   D:10 =   D:11 [   Orc:2 [([**[*

Portals:
Trove: D:10 (give horn of Geryon)

Annotations:
Lair:5 2 transporters, DeathSocks's ghost, journeyman MDFi
Elf:2 Zenata


Innate Abilities, Weirdness & Mutations

You are a tree.
Your roots penetrate the ground, keeping you stationary.
You cannot be teleported.
You are immune to unholy pain and torment.
Your maximum health is greatly increased.
Your equipment is partially melded.
You are too large for most types of armour.
((You have claws for hands.))
Your natural rate of healing is unusually fast.
((You are covered in fur. (AC +1)))
((You have tough skin. (AC +1)))
((Your flesh is cold resistant. (rC+)))
((You are resistant to electric shocks. (rElec)))
Your health recovers twice as slowly from being drained.


Message History

The +1 vampiric trident hits you from afar.
* * * LOW HITPOINT WARNING * * *
The deep elf pyromancer gestures wildly while chanting.
The deep elf pyromancer blinks!
Zenata gestures, and weapons take to the air!
Unknown command.
Unknown command.
Unknown command.
You feel much better. The liquid fire burns you!
* * * LOW HITPOINT WARNING * * *
The +3 mace of holy wrath disappears in a puff of smoke!
The +4 short sword of venom is engulfed in blazing flames.
The +2 long sword of holy wrath is engulfed in blazing flames.
You block the +2 long sword of holy wrath's attack.
The +1 vampiric trident is engulfed in freezing vapours.
The +1 vampiric trident hits you but does no damage.
The +4 trident of venom is engulfed in blazing flames.
The +4 trident of venom hits you from afar.
* * * LOW HITPOINT WARNING * * *
The +1 hand axe of freezing is engulfed in freezing vapours.
The +1 hand axe of freezing hits you.
* * * LOW HITPOINT WARNING * * *
The +1 hand axe of freezing freezes you.
* * * LOW HITPOINT WARNING * * *
You block the +1 vampiric halberd's attack.
The +4 short sword of venom is engulfed in blazing flames.
The +2 long sword of holy wrath is engulfed in blazing flames.
You block the +2 long sword of holy wrath's attack.
You block the +1 vampiric trident's attack.
The +4 trident of venom hits you from afar!
* * * LOW HITPOINT WARNING * * *
The +1 hand axe of freezing is engulfed in freezing vapours.
The +1 hand axe of freezing hits you but does no damage.
The +1 vampiric halberd hits you!
* * * LOW HITPOINT WARNING * * *
The deep elf pyromancer is engulfed in a thunderstorm.
The fire elemental hits you. The fire elemental burns you!
The fire burns you terribly!
You die...

+#+##
#.§§#
##(e(##
#°(E♣(#
##(a(##
#§§§#
+#+##


You could see Zenata, a deep elf pyromancer, a fire elemental (summoned) and 6
dancing weapons.

Vanquished Creatures
  Jorgrun (D:14)
  An orc warlord (Orc:1)
  A ghost moth (Lair:2)
  A stone giant (Volcano)
  A deep elf annihilator (Elf:1)
  3 ettins
  The ghost of SageDae the Bludgeoner, a journeyman OnGl of Okawaru (D:11)
  An entropy weaver (shapeshifter) (D:14)
  The ghost of bakla the Fighter, a journeyman DsBr of Wu Jian (D:9)
  6 centaur warriors
  A rakshasa (D:15)
  2 hydras
  4 ogre magi (Orc:2)
  3 catoblepae
  21 two-headed ogres
  6 dancing weapons
  5 boulder beetles
  A two-headed ogre (shapeshifter) (D:14)
  A demonic crawler (Spider:1)
  2 orc high priests (Orc:2)
  2 deep elf knights (Elf:1)
  2 skysharks
  Amaemon (D:8)
  A pharaoh ant (Spider:1)
  3 deep elf archers (Elf:1)
  A goliath frog (Lair:5)
  A deep troll (D:14)
  2 orb spiders (Spider:1)
  A sun moth (shapeshifter) (D:15)
  3 orc knights (Orc:2)
  Pikel (D:6)
  A phantasmal warrior (D:14)
  5 thermic dynamos (Elf:1)
  2 steelbarb worms (Spider:1)
  4 deep elf pyromancers
  An obsidian bat (Orc:2)
  3 deep elf zephyrmancers (Elf:1)
  2 orc sorcerers
  Maurice (D:8)
  4 ugly things (D:15)
  3 wolf spiders
  2 manticores
  4 cyclopes
  4 black mambas
  3 elephants (Lair:4)
  A water nymph (D:15)
  3 kobold blastminers
  A torpor snail (Lair:2)
  20 cane toads
  3 gargoyles
  Maggie (D:9)
  5 orange demons
  3 efreet
  8 rime drakes
  9 komodo dragons
  3 red devils (D:15)
  4 trolls
  3 tyrant leeches (Lair:5)
  3 jumping spiders
  3 polar bears
  6 tarantellas (Spider:1)
  11 dream sheep (Lair:5)
  16 blink frogs
  A snapping turtle (Lair:2)
  21 slime creatures
  7 water elementals
  A shadow (D:11)
  4 wraiths
  3 culicivoras
  6 wyverns
  Eustachio (D:4)
  3 fire bats (Lair:4)
  4 basilisks
  A basilisk (shapeshifter) (D:15)
  58 yaks
  5 wargs
  2 steam dragons
  6 fire elementals
  8 redbacks
  11 vampire mosquitoes
  14 water moccasins
  2 acid dragons
  28 orc warriors
  3 sky beasts
  2 black bears
  23 ogres
  5 boggarts (D:15)
  21 centaurs
  13 wolves (Lair:1)
  2 phantoms
  An elf zombie (Ossuary)
  A weeping skull (D:3)
  2 kobold brigands
  2 lemures (D:6)
  18 bullfrogs
  3 gnoll sergeants
  4 scorpions
  4 earth elementals
  8 wights
  7 killer bees
  10 electric eels
  2 centaur zombies (Ossuary)
  4 human zombies (Ossuary)
  5 jellies
  3 bombardier beetles
  3 gnoll boudas
  2 hounds
  19 orc priests
  4 hell rats (Lair:3)
  34 orc wizards
  3 sleepcaps
  4 iguanas
  6 hound zombies (Ossuary)
  2 mummies (Ossuary)
  Robin (D:3)
  5 adders
  29 gnolls
  2 adder zombies (Ossuary)
  A ribbon worm (D:4)
  90 orcs
  3 ball pythons
  4 bats
  7 endoplasms
  A giant cockroach (D:3)
  12 goblins
  5 hobgoblins
  4 jackals (D:3)
  4 quokkas
  4 frilled lizards
  4 gnoll zombies (Ossuary)
  8 jackal zombies (Ossuary)
  10 kobolds
  5 kobold zombies (Ossuary)
  4 orc zombies (Ossuary)
  5 rats
  A spectral orc (D:3)
838 creatures vanquished.

Vanquished Creatures (others)
  A radroach (Spider:1)
  An orc wizard (Orc:2)
  2 orcs
4 creatures vanquished.

Grand Total: 842 creatures vanquished

Notes
Turn   | Place    | Note
-------+----------+-------------------------------------------
     0 | D:1      | bananaken the Troll Monk began the quest for the Orb.
     0 | D:1      | Reached XP level 1. HP: 22/22 MP: 0/0
   256 | D:1      | Reached XP level 2. HP: 29/29 MP: 1/1
   923 | D:2      | Reached XP level 3. HP: 28/36 MP: 2/2
  1486 | D:3      | Reached skill level 4 in Unarmed Combat
  1667 | D:3      | Noticed Robin
  1675 | D:3      | Reached XP level 4. HP: 43/44 MP: 3/3
  1692 | D:3      | Killed Robin
  1725 | D:3      | Found a basalt altar of Yredelemnul.
  1725 | D:3      | Noticed a weeping skull
  1745 | D:3      | Killed a weeping skull
  1746 | D:3      | Reached XP level 5. HP: 48/53 MP: 4/4
  2385 | D:4      | Reached skill level 5 in Unarmed Combat
  2448 | D:4      | Reached XP level 6. HP: 45/61 MP: 5/5
  2607 | D:4      | Noticed Eustachio
  2631 | D:4      | Reached skill level 1 in Evocations
  2644 | D:4      | Killed Eustachio
  2645 | D:4      | Reached XP level 7. HP: 31/68 MP: 6/6
  2738 | D:4      | Reached skill level 6 in Unarmed Combat
  3165 | D:4      | Found Luosox's Lightly-Used Armoury.
  3370 | D:5      | Entered Level 5 of the Dungeon
  3526 | D:5      | Gained mutation: Your health recovers twice as slowly from
                  | being drained. [potion of mutation]
  3526 | D:5      | Gained mutation: You are resistant to electric shocks.
                  | (rElec) [potion of mutation]
  3526 | D:5      | Gained mutation: Your flesh is cold resistant. (rC+)
                  | [potion of mutation]
  3562 | D:5      | Reached XP level 8. HP: 56/78 MP: 7/7
  3735 | D:5      | Reached skill level 7 in Unarmed Combat
  3907 | D:5      | Found a radiant altar of Vehumet.
  4030 | D:5      | Found a shimmering altar of Xom.
  4030 | D:5      | Noticed an angel
  4034 | D:5      | Found a glowing silver altar of Zin.
  4285 | D:6      | Reached skill level 1 in Shields
  4376 | D:6      | Noticed Pikel
  4401 | D:6      | Killed Pikel
  4402 | D:6      | Reached skill level 5 in Fighting
  4402 | D:6      | Reached skill level 8 in Unarmed Combat
  4489 | D:6      | Reached XP level 9. HP: 68/88 MP: 8/8
  4870 | D:7      | Found a staircase to the Ecumenical Temple.
  4874 | D:7      | Found a sand-covered staircase.
  4883 | Temple   | Entered the Ecumenical Temple
  4903 | Temple   | Became a worshipper of the Wu Jian Council
  4903 | Temple   | Reached * piety under Wu Jian
  4903 | Temple   | Reached ** piety under Wu Jian
  4946 | Ossuary  | Entered an ossuary
  5265 | D:7      | Reached *** piety under Wu Jian
  5284 | D:7      | Reached skill level 9 in Unarmed Combat
  5680 | D:8      | Noticed an orange demon
  5681 | D:8      | Noticed Amaemon
  5699 | D:8      | Killed an orange demon
  5747 | D:8      | Killed Amaemon
  5748 | D:8      | Reached skill level 10 in Unarmed Combat
  5748 | D:8      | Reached XP level 10. HP: 36/98 MP: 9/9
  5751 | D:8      | Found a hide-covered altar of Uskayaw.
  5991 | D:8      | Found a staircase to the Lair.
  6224 | D:8      | Reached skill level 5 in Shields
  6289 | D:8      | Reached skill level 5 in Evocations
  6368 | D:8      | Reached **** piety under Wu Jian
  6389 | D:8      | Reached skill level 11 in Unarmed Combat
  6436 | D:8      | Found a blossoming altar of Fedhas.
  6506 | D:8      | Reached skill level 1 in Armour
  6601 | D:8      | Noticed Maurice
  6612 | D:8      | Paralysed by Maurice for 5 turns
  6614 | D:8      | Maurice stole an orb of light
  6616 | D:8      | Maurice stole a staff of fire
  6621 | D:8      | Something stole a throwing net
  6626 | D:8      | Maurice stole 372 gold
  6629 | D:8      | Killed Maurice
  6766 | D:9      | Noticed Maggie
  6776 | D:9      | Killed Maggie
  6862 | D:9      | Reached XP level 11. HP: 104/109 MP: 10/10
  6947 | D:9      | Found an iron altar of Okawaru.
  7042 | D:9      | Reached ***** piety under Wu Jian
  7443 | D:9      | Noticed a two-headed ogre
  7450 | D:9      | Killed a two-headed ogre
  7578 | D:9      | Found a runed translucent door.
  7580 | D:9      | Noticed bakla's ghost (journeyman DsBr)
  7700 | D:9      | Found a staircase to the Orcish Mines.
  7872 | Lair:1   | Entered Level 1 of the Lair of Beasts
  7899 | Lair:1   | Reached skill level 12 in Unarmed Combat
  8266 | Lair:1   | Noticed a boulder beetle
  8277 | Lair:1   | Killed a boulder beetle
  8278 | Lair:1   | Reached XP level 12. HP: 119/119 MP: 11/11
  8317 | Lair:1   | Reached skill level 13 in Unarmed Combat
  8965 | Lair:2   | Found a staircase to the Shoals.
  9222 | Lair:2   | Found a hole to the Spider Nest.
  9871 | Lair:3   | Reached skill level 5 in Armour
 10168 | Lair:3   | Noticed a four-headed hydra
 10280 | Lair:3   | Reached skill level 14 in Unarmed Combat
 10350 | Lair:3   | Killed a nine-headed hydra
 11024 | Lair:4   | Found a broken altar of Ashenzari.
 11097 | Lair:4   | Found a dark tunnel.
 11099 | Lair:4   | Reached XP level 13. HP: 97/125 MP: 12/12
 11128 | Volcano  | Entered a volcano
 11172 | Volcano  | Noticed a stone giant
 11175 | Volcano  | Killed a stone giant
 11787 | Lair:4   | Got Gisi's Teachings on the Aerial Prime Material
 11872 | Lair:4   | Found a viscous altar of Jiyva.
 11874 | Lair:4   | Found a staircase to the Slime Pits.
 12123 | Lair:5   | Entered Level 5 of the Lair of Beasts
 12155 | Lair:5   | Reached skill level 15 in Unarmed Combat
 12222 | Lair:5   | Found a shadowy altar of Dithmenos.
 12281 | Lair:5   | Noticed DeathSocks's ghost (journeyman MDFi)
 12286 | Lair:5   | Identified the +10 spear "Farchauju" {speed, rN++}
 12294 | Lair:5   | Found a transporter.
 12297 | Lair:5   | Found a bloodstained altar of Trog.
 12322 | Lair:5   | Found a transporter.
 13489 | Orc:1    | Entered Level 1 of the Orcish Mines
 13496 | Orc:1    | Noticed an orc warlord
 13502 | Orc:1    | Killed an orc warlord
 13503 | Orc:1    | Reached XP level 14. HP: 121/141 MP: 13/13
 13738 | Orc:2    | Entered Level 2 of the Orcish Mines
 13746 | Orc:2    | Reached skill level 10 in Fighting
 13746 | Orc:2    | Reached skill level 16 in Unarmed Combat
 13934 | Orc:1    | Paralysed by an orc sorcerer for 4 turns
 14191 | Orc:2    | Reached ****** piety under Wu Jian
 14305 | Orc:2    | Found a staircase to the Elven Halls.
 14832 | Orc:2    | Paralysed by an ogre mage for 3 turns
 14974 | Orc:2    | Found Hitaipp's Weapon Shoppe.
 14974 | Orc:2    | Found Qiowk's General Store.
 14974 | Orc:2    | Found Zison's Armour Shop.
 14974 | Orc:2    | Found Goleazuo's Armour Shoppe.
 14999 | Orc:2    | Bought the +0 tower shield of Liberty {Rampage Dex+3} for
                  | 284 gold pieces
 15143 | Orc:2    | Found Uduit's Antique Armour Shoppe.
 15144 | Orc:2    | Found Yxuudwue's General Store.
 15147 | Orc:2    | Reached skill level 17 in Unarmed Combat
 15327 | Orc:2    | Found Leupt's General Store.
 15749 | D:4      | Bought -2 pearl dragon scales for 1260 gold pieces
 15978 | Orc:2    | Bought a scroll of enchant armour for 90 gold pieces
 16285 | Spider:1 | Entered Level 1 of the Spider Nest
 16513 | Lair:2   | Killed a ghost moth
 16659 | Spider:1 | Reached XP level 15. HP: 26/149 MP: 14/14
 16808 | Spider:1 | Identified the +9 scimitar of Loruprae {holy, rCorr Dex+2}
 17768 | D:9      | Killed bakla's ghost
 17809 | D:10     | Entered Level 10 of the Dungeon
 17861 | D:10     | Found a stormy altar of Qazlal.
 17916 | D:10     | Found a portal to a secret trove of treasure.
 17971 | D:10     | Found a white marble altar of Elyvilon.
 18200 | D:10     | Found Xyinigeg's One-of-a-Kind Rings.
 18203 | D:10     | Identified a scroll of acquirement
 18214 | D:10     | Acquired 797 gold pieces
 18221 | D:10     | Bought the ring of No Interval {rN+ rCorr Int+3 Slay+4
                  | Clar} for 950 gold pieces
 18719 | D:11     | Found a runed translucent door.
 18720 | D:11     | Found a shimmering altar of Xom.
 18720 | D:11     | Noticed SageDae's ghost (journeyman OnGl)
 19013 | D:11     | Found Fab Mopt's Antique Armour Emporium.
 19101 | D:11     | Identified the +4 ring mail of a volcano {rCorr}
 19293 | D:11     | Killed SageDae's ghost
 19429 | D:12     | Reached skill level 1 in Throwing
 20376 | D:13     | Reached skill level 5 in Dodging
 20673 | D:13     | Reached skill level 18 in Unarmed Combat
 21295 | D:14     | Found a gate to the Vaults.
 21758 | D:14     | Noticed Jorgrun
 21765 | D:14     | Killed Jorgrun
 22005 | D:15     | Entered Level 15 of the Dungeon
 22082 | D:15     | Reached skill level 10 in Evocations
 22247 | D:15     | Reached XP level 16. HP: 123/163 MP: 15/15
 22647 | D:15     | Found a staircase to the Depths.
 23032 | Elf:1    | Entered Level 1 of the Elven Halls
 23519 | Elf:1    | Found a radiant altar of Vehumet.
 24285 | Elf:1    | Got the Secrets of Passive Income
 24432 | Elf:1    | Reached skill level 19 in Unarmed Combat
 24557 | Elf:2    | Noticed Zenata
 24569 | Elf:2    | HP: 7/247 [+1 vampiric halberd[Zenata] (13)]
 24569 | Elf:2    | Mangled by a fire elemental

Illustrated notes

Levels and vault maps discovered:
D:1:      minmay_arrival_four_circles, layout_basic
D:2:      layout_loops_ring, minmay_misc_feat_tiny
D:3:      layout_basic, yredelemnul_forgotten_temple_becter, uniq_robin
D:4:      mumra_celtic_spiral_tile, layout_loops_cross, minmay_shop_damaged,
          uniq_eustachio
D:5:      layout_basic, vehumet_crystals,
          grunt_temple_overflow_order_and_chaos_1
D:6:      layout_basic, uniq_pikel
D:7:      layout_rooms, minmay_temple_entry_statues_fountains,
          nicolae_ossuary_entry_ruins, grunt_ministairs_11
D:8:      minmay_inner_zag, layout_rooms, fedhas_bush_and_centaur_altar,
          mainiacjoe_overflow_tiny_flanked, erik_lair_dragon, uniq_maurice,
          uniq_amaemon
D:9:      layout_basic, amcnicky_altar_gilded, erik_orc_2,
          ebering_ghost_reflecting_pool, uniq_maggie
D:10:     layout_cave_pools, elyvilon_altar_3, grunt_qazlal_sundering,
          enter_trove_6, nicolae_shop_unique_rings
D:11:     layout_long_grid, serial_shops, nicolae_shop_overgrown_old_shop,
          ebering_ghost_xom
D:12:     layout_basic
D:13:     layout_cave_pods
D:14:     layout_basic, david_vaults_4, chequers_big_river, uniq_jorgrun
D:15:     hangedman_depths_entry_try_elsewhere_first, layout_basic,
          minmay_beelzebubs_servants
Temple:   nicolae_temple_bog_church
Lair:1:   layout_roguey, infiniplex_staircase_pool_2
Lair:2:   layout_cave_pods, minmay_shoals_entry_hut, spider_nest_entry_web_field
Lair:3:   layout_cave_pods, beast_lair_carwin_8, serial_bayou_shore_b
Lair:4:   layout_cave_pods, slime_entry_2, basic_altar,
          nicolae_volcano_entry_batcave, beast_lair_carwin_7,
          serial_bayou_shore_a
Lair:5:   minmay_lair_end_frog_pond, layout_hall_layers,
          gammafunk_ghost_wrathful_warriors, lemuel_centaur_altar
Spider:1: layout_cave_pods
Spider:2: nicolae_spider_hilbert_zone_6 [nicolae_spider_hilbert_4_sides_1_open,
          nicolae_spider_hilbert_4_sides_1_open,
          nicolae_spider_hilbert_4_sides_1_open,
          nicolae_spider_hilbert_4_sides_1_open,
          nicolae_spider_hilbert_4_sides_1_open,
          nicolae_spider_hilbert_4_sides_1_open,
          nicolae_spider_hilbert_4_sides_1_open], special_room
          [special_room_bee], hellmonk_deceptive_appearances
Orc:1:    layout_caves, lightli_orcish_oven
Orc:2:    st_orc_ogre_mass, layout_caves, serial_shops,
          nicolae_shop_just_a_little_nook, library_closet,
          regret_index_minedec_shroomtown_chain, guppyfry_orc_lava_fort
Elf:1:    layout_loops_corners, basic_altar, regret_index_elf_centigrade,
          grunt_ministairs_9, hellmonk_elf_help
Elf:2:    nicolae_elf_blades_splatter_lattice [nicolae_blade_entry_pointy_end],
          layout_geoelf_diagonals, minivault_5, uniq_zenata

Skill      XL: |  1  2  3  4  5  6  7  8  9 10 11 12 13 14 15 16 |
---------------+-------------------------------------------------+-----
Unarmed Combat | 4 5 6 8 10 11 12 14 15 17 18 19 | 19.0
Fighting       | 3 4 5 6 7 8 9 10 11 | 11.9
Dodging        | 3 4 5 |  5.0
Evocations     | 1 2 3 4 5 6 7 8 9 10 | 10.0
Shields        | 2 4 5 7 |  7.9
Armour         | 1 4 5 7 8 |  8.1
Throwing       | 3 4 |  4.7

Action                     |  1- 3 |  4- 6 |  7- 9 | 10-12 | 13-15 | 16-18 || total
---------------------------+-------+-------+-------+-------+-------+-------++-------
  Melee: Unarmed           |    60 |   116 |   360 |   763 |  1209 |   170 ||  2678
 Invoke: Serpent's Lash    |       |       |     1 |     3 |    13 |     1 ||    18
         Heavenly Storm    |       |       |       |     1 |     2 |       ||     3
Ability: Lunge             |       |       |    11 |    40 |    81 |    25 ||   157
         Whirlwind         |       |       |     7 |    38 |   220 |    21 ||   286
         Wall Jump         |       |       |       |       |     3 |     1 ||     4
  Evoke: Wand              |       |       |       |    11 |    10 |     4 ||    25
         Condenser vane    |       |       |       |       |       |     1 ||     1
    Use: Scroll            |     3 |     1 |     7 |     4 |    17 |     1 ||    33
         Potion            |       |     1 |     5 |       |     3 |     4 ||    13
   Stab: Sleeping          |       |       |     1 |       |       |       ||     1
         Distracted        |       |       |       |     1 |       |       ||     1
         Paralysed         |       |       |       |     7 |     6 |       ||    13
         Petrified         |       |       |       |       |     1 |       ||     1
 Armour: Robe              |    31 |    92 |   250 |       |       |       ||   373
         Steam dragon scal |       |       |    28 |   125 |       |       ||   153
         Acid dragon scale |       |       |       |   310 |   311 |       ||   621
         Pearl dragon scal |       |       |       |       |   232 |    47 ||   279
         Skin              |       |       |       |       |       |    33 ||    33
         Fire dragon scale |       |       |       |       |       |    27 ||    27
  Dodge: Dodged            |    22 |    54 |   152 |   146 |   222 |    25 ||   621
  Block: Kite shield       |       |       |   119 |   391 |   255 |       ||   765
         Reflection        |       |       |       |    13 |    41 |    14 ||    68
         Tower shield      |       |       |       |       |   442 |   133 ||   575

Table legend: (Time is in decaauts)
 A = Elapsed time spent in this place.
 B = Non-inter-level travel time spent in this place.
 C = Inter-level travel time spent in this place.
 D = Time resting spent in this place.
 E = Time spent auto-exploring this place.
 F = Levels seen in this place.
 G = Mean time per level.
                   A        B        C        D        E       F      G
               +--------+--------+--------+--------+--------+-----+--------+
         Total |  24397 |  21738 |   2659 |   1444 |  15416 |  29 |  841.3 |
       Dungeon |  13845 |  12135 |   1710 |    340 |   9281 |  15 |  923.0 |
        Temple |     40 |      2 |     38 |      0 |      0 |   1 |   40.0 |
          Lair |   5739 |   5262 |    477 |    514 |   3593 |   5 | 1147.8 |
   Spider Nest |    895 |    887 |      8 |     43 |    648 |   2 |  447.5 |
  Orcish Mines |   2292 |   1927 |    365 |    405 |    958 |   2 | 1146.0 |
   Elven Halls |   1208 |   1149 |     59 |    142 |    846 |   2 |  604.0 |
       Ossuary |    237 |    237 |      0 |      0 |     90 |   1 |  237.0 |
       Volcano |    136 |    136 |      0 |      0 |      0 |   1 |  136.0 |
               +--------+--------+--------+--------+--------+-----+--------+

Top non-repeatable levels by time:
   Orc:2: 1597 daAuts
     D:9: 1542 daAuts
     D:8: 1485 daAuts
  Lair:2: 1345 daAuts
   Elf:1: 1198 daAuts
  Lair:3: 1196 daAuts
  Lair:1: 1119 daAuts
  Lair:5: 1070 daAuts
     D:4: 1010 daAuts
  Lair:4: 1007 daAuts
    D:13: 991 daAuts
    D:14: 984 daAuts
    D:11: 935 daAuts
     D:5: 922 daAuts
Spider:1: 892 daAuts
